 Dungeon Crawl Stone Soup version 0.32-a0-599-gba8f9cf90e (webtiles) character file.

Game seed: 8786920530162557752

109 Pooter the Chopper (level 4, 0/40 (41) HPs)
             Began as a Minotaur Fighter on Mar 2, 2024.
             Succumbed to Crazy Yiuf's poison
             ... on level 2 of the Dungeon.
             The game lasted 00:05:44 (1713 turns).

Pooter the Chopper (Minotaur Fighter)               Turns: 1713, Time: 00:05:45

HP:   0/40 (41)     AC:  9    Str: 23    XL:     4   Next: 59%
MP:   3/3           EV:  8    Int:  5    God:
Gold: 70            SH:  4    Dex:  9    Spells: 3/3 levels left

rFire   . . .        a - +0 war axe
rCold   . . .        c - +0 buckler
rNeg    . . .        g - +0 chain mail
rPois   .            (helmet restricted)
rElec   .            (no cloak)
rCorr   .            (no gloves)
SInv    .            (no boots)
Will    .....        (no amulet) Stlth
                     (no ring)
HPRegen 0.26/turn    (no ring)
MPRegen 0.08/turn

%: no passive effects
@: lethally poisoned (0 -> -10), hasted, lightly drained, very quick
A: horns 2, retaliatory headbutt
a: no special abilities


You were on level 2 of the Dungeon.
You visited 1 branch of the dungeon, and saw 2 of its levels.

You collected 70 gold pieces.

Inventory:

Hand Weapons
 a - a +0 war axe (weapon)
 h - a +0 trident
   (You found it on level 2 of the Dungeon)
Missiles
 Q - 9 stones (quivered)
Armour
 c - a +0 buckler (worn)
 g - a +0 chain mail (worn)
   (You found it on level 1 of the Dungeon)
Wands
 f - a wand of flame (20)
   (You took it off Robin on level 1 of the Dungeon)
Scrolls
 b - 2 scrolls of noise {unknown}
 i - a scroll of identify {unknown}
 j - a scroll of teleportation {unknown}
Potions
 d - 2 potions of might
 e - 2 potions of lignification {unknown}


   Skills:
 + Level 4.8 Fighting
 * Level 5.0 Axes
 - Level 3.6 Armour
 - Level 3.6 Shields


You had 3 spell levels left.
You didn't know any spells.
Your spell library contained the following spells:

 Spells                   Type           Power      Damage    Failure   Level
 Apportation              Tloc           0%         N/A       98%         1
 Necrotise                Necr           0%         1d4       98%         1
 Sting                    Conj/Alch      0%         1d3       98%         1
 Summon Small Mammal      Summ           0%         N/A       98%         1
 Ensorcelled Hibernation  Hex/Ice        0%         N/A       99%         2
 Sublimation of Blood     Necr           0%         N/A       99%         2
 Ozocubu's Armour         Ice            0%         N/A       100%        3
 Passwall                 Erth           0%         N/A       100%        3
 Swiftness                Air            0%         N/A       100%        3
 Petrify                  Alch/Erth      0%         N/A       100%        4
 Irradiate                Conj/Alch      0%         3d11      100%        5
 Metabolic Englaciation   Hex/Ice        0%         N/A       100%        5
 Sculpt Simulacrum        Ice/Alch       0%         N/A       100%        6


Dungeon Overview and Level Annotations

Branches:
Dungeon (2/15) Zot: 10255

Altars:

Annotations:
D:2 Crazy Yiuf


Innate Abilities, Weirdness & Mutations

You have a pair of horns on your head.
You reflexively headbutt those who attack you in melee.


Message History

Found a hammer.
Crazy Yiuf yells, "Snower!"
There is a stone staircase leading up here.
Found 5 gold pieces.
You now have 70 gold pieces (gained 5).
You open the door.
There is an open door here.
You see here a +0 scale mail.
There is an open door here.
You see here a frilled lizard skeleton.
There is an open door here.
There is an open door here.
There is a stone staircase leading up here.
Crazy Yiuf flaps his cloak.
Press: ? - help, v - describe, . - travel The floor.
Unknown command.
Unknown command.
You open the door. You slash Crazy Yiuf! Your headbutt misses Crazy Yiuf.
Crazy Yiuf hits you with a +2 quarterstaff of chaos.
You are confused.
Crazy Yiuf flaps his cloak.
Crazy Yiuf hits you with a +2 quarterstaff of chaos.
You feel yourself speed up.
You bump into the tree.
Crazy Yiuf barely misses you.
You hit Crazy Yiuf. You miss Crazy Yiuf.
Crazy Yiuf hits you but does no damage.
You miss Crazy Yiuf. Crazy Yiuf closely misses you.
You bump into the stone wall.
Crazy Yiuf hits you with a +2 quarterstaff of chaos!
You are poisoned.
You barely miss Crazy Yiuf.
You feel very sick.
Crazy Yiuf hits you with a +2 quarterstaff of chaos.
* * * LOW HITPOINT WARNING * * *
You feel drained.
* * * LOW HITPOINT WARNING * * *
You bump into the stone wall.
* * * LOW HITPOINT WARNING * * *
You feel sick.
Unknown command.
You barely miss Crazy Yiuf.
* * * LOW HITPOINT WARNING * * *
You feel sick.
Crazy Yiuf hits you with a +2 quarterstaff of chaos!
* * * LOW HITPOINT WARNING * * *
You hit Crazy Yiuf.
You feel less confused.
You die...

########
.......#
#####
.......#
#÷.)#
.......#
#...#
#......# ...
.......# #g#
.......#
♣♣@♣
.......#####
♣.♣♣
..........>#
♣♣.♣
...#######.#
♣.♣♣ ...#
#.# ♣♣.♣♣
...# #.#
♣...♣♣
...##### ###
♣....♣
...#...#
#....#
...#.^.##
#....#


You could see Crazy Yiuf.

Vanquished Creatures
  Robin (D:1)
  An adder (D:2)
  4 gnolls (D:2)
  A dart slug (D:2)
  A ribbon worm (D:2)
  4 endoplasms
  A giant cockroach (D:2)
  10 goblins
  5 hobgoblins
  4 quokkas
  5 bats (D:2)
  3 frilled lizards (D:2)
  2 kobolds (D:1)
  3 rats (D:2)
45 creatures vanquished.

Notes
Turn   | Place    | Note
-------+----------+-------------------------------------------
     0 | D:1      | Pooter the Minotaur Fighter began the quest for the Orb.
     0 | D:1      | Reached XP level 1. HP: 19/19 MP: 0/0
   356 | D:1      | Reached skill level 3 in Axes
   357 | D:1      | Reached XP level 2. HP: 20/27 MP: 1/1
   841 | D:2      | Reached XP level 3. HP: 33/33 MP: 2/2
   844 | D:2      | Noticed Robin
   882 | D:2      | Reached skill level 4 in Axes
   914 | D:1      | Killed Robin
  1072 | D:2      | Reached XP level 4. HP: 38/41 MP: 3/3
  1354 | D:2      | Reached skill level 5 in Axes
  1510 | D:2      | Found a runed translucent door.
  1511 | D:2      | Noticed Crazy Yiuf
  1712 | D:2      | HP: 2/40 [Crazy Yiuf/+2 quarterstaff of chaos (10)]
  1713 | D:2      | Succumbed to Crazy Yiuf's poison

Illustrated notes

Levels and vault maps discovered:
D:1:      nzn_arrival_settlement, layout_basic
D:2:      layout_basic, hangedman_decor_peaks_small, uniq_crazy_yiuf_cottage,
          uniq_robin

Skill      XL: |  1  2  3  4 |
---------------+-------------+-----
Axes           | 3 4 5 |  5.0
Fighting       | 4 |  4.8
Armour         | |  3.6
Shields        | |  3.6

Action                     |  1- 3 |  4- 6 || total
---------------------------+-------+-------++-------
  Melee: War axe           |    71 |    32 ||   103
         Headbutt          |     7 |     2 ||     9
 Armour: Scale mail        |     7 |       ||     7
         Chain mail        |    47 |    21 ||    68
  Dodge: Dodged            |    30 |    15 ||    45
  Block: Buckler           |    25 |     5 ||    30

Table legend: (Time is in decaauts)
 A = Elapsed time spent in this place.
 B = Non-inter-level travel time spent in this place.
 C = Inter-level travel time spent in this place.
 D = Time resting spent in this place.
 E = Time spent auto-exploring this place.
 F = Levels seen in this place.
 G = Mean time per level.
                   A        B        C        D        E       F      G
               +--------+--------+--------+--------+--------+-----+--------+
         Total |   1745 |   1732 |     13 |     80 |   1318 |   2 |  872.5 |
       Dungeon |   1745 |   1732 |     13 |     80 |   1318 |   2 |  872.5 |
               +--------+--------+--------+--------+--------+-----+--------+

Top non-repeatable levels by time:
     D:2: 907 daAuts
     D:1: 837 daAuts
